 Dungeon Crawl Stone Soup version 0.28.0-53-g5a82cb258f (webtiles) character file.

Game seed: 8327889330271056679

392 Jerry the Skirmisher (level 6, -2/55 HPs)
             Began as a Ghoul Fighter on July 8, 2022.
             Slain by Pikel
             ... wielding a +1 whip of freezing
              (4 damage)
             ... on level 4 of the Dungeon.
             The game lasted 00:18:56 (4769 turns).

Jerry the Skirmisher (Ghoul Fighter)                Turns: 4769, Time: 00:18:56

Health: -2/55      AC:  7    Str: 20    XL:     6   Next: 81%
Magic:  5/5        EV: 10    Int: 11    God:
Gold:   101        SH:  4    Dex:  8    Spells: 5/5 levels left

rFire   . . .      SeeInvis .     - Unarmed
rCold   + + .      Faith    .   b - +0 buckler
rNeg    + + +      Spirit   .   u - +3 leather armour of Piuduazxig {rPois rC+ Int+3 Slay+2}
rPois   ∞          Reflect  .   v - +1 hat {Int+3}
rElec   .          Harm     .   (no cloak)
rCorr   .          Rampage  .   (no gloves)
Will    .....                   (no boots)
Stlth   +.........              (no amulet)
HPRegen 0.00/turn               f - ring of wizardry
MPRegen 0.09/turn               (no ring)

@: inhibited regen, invisible
A: claws 1, cold resistance 1, negative energy resistance 3, inhibited
regeneration, torment resistance 2
a: no special abilities


You were on level 4 of the Dungeon.
You visited 1 branch of the dungeon, and saw 4 of its levels.
You also visited: Sewer.

You collected 101 gold pieces.

Inventory:

Hand Weapons
 l - a +4 mace
Missiles
 c - a curare-tipped dart (quivered)
 o - 15 poisoned darts
Armour
 a - a +0 scale mail
 b - a +0 buckler (worn)
 u - the +3 leather armour of Piuduazxig (worn) {rPois rC+ Int+3 Slay+2}
   (You found it on level 4 of the Dungeon)

   Int:       It affects your intelligence (+3).
   Slay:      It affects your accuracy & damage with ranged weapons and melee
   (+2).
   rC:        It protects you from cold.
   rPois:     It protects you from poison.
 v - a +1 hat of intelligence (worn)
Jewellery
 f - a ring of wizardry (left claw)
Scrolls
 g - a scroll of fear {unknown}
 h - a scroll of amnesia
 m - a scroll of vulnerability
 n - a scroll of summoning
Potions
 d - a potion of flight
 e - a potion of curing
 i - 5 potions of invisibility
 k - a potion of degeneration
 q - a potion of cancellation {unknown}
 r - 2 potions of might
 t - 2 potions of heal wounds {unknown}


   Skills:
 + Level 4.9 Fighting
 + Level 4.0 Armour
 + Level 4.0 Shields
 + Level 4.2 Unarmed Combat


You had 5 spell levels left.
You didn't know any spells.
Your spell library was empty.

Dungeon Overview and Level Annotations

Branches:
Dungeon (4/15)              Sewer (visited)
 Temple: D:4-7

Altars:
Sif Muna

Shops:
D:3 [

Annotations:
D:2 Sigmund
D:4 Pikel


Innate Abilities, Weirdness & Mutations

You thrive by killing the living.
You are immune to poison.
You have sharp fingernails.
Your flesh is cold resistant. (rC+)
You are immune to negative energy. (rN+++)
You do not regenerate when monsters are visible.
You are immune to unholy pain and torment.


Message History

Pikel barely misses you.
You closely miss Pikel.
Pikel is moderately wounded.
Pikel closely misses you.
You scratch Pikel.
Pikel is moderately wounded.
Pikel hits you with a +1 whip of freezing.
Pikel barely misses you.
You scratch Pikel.
Pikel is heavily wounded.
Pikel hits you with a +1 whip of freezing!
You scratch Pikel.
Pikel is heavily wounded.
Pikel hits you with a +1 whip of freezing!
You scratch Pikel.
Pikel is severely wounded.
Pikel hits you with a +1 whip of freezing.
Pikel hits you with a +1 whip of freezing!
* * * LOW HITPOINT WARNING * * *
You scratch Pikel but do no damage.
Pikel is severely wounded.
Pikel barely misses you.
You barely miss Pikel.
Pikel is heavily wounded.
Pikel hits you with a +1 whip of freezing.
* * * LOW HITPOINT WARNING * * *
Pikel hits you with a +1 whip of freezing.
* * * LOW HITPOINT WARNING * * *
You are too injured to fight recklessly!
You fade into invisibility!
Pikel barely misses you.
Pikel hits you with a +1 whip of freezing.
* * * LOW HITPOINT WARNING * * *
Pikel barely misses you. You block Pikel's attack.
Pikel says, "You'll rot in Tartarus!"
Pikel hits you but does no damage.
Pikel says, "You'll feel the lick of my whip!"
Pikel hits you with a +1 whip of freezing.
You die...

.## #.# .# #.# #.# ## #.### #.# #
#...# #######.# ' ## ###.#
#.....#.# .. .## ###.# #.###.#.#
... ..## ##.#.# #.#.....# ....
...####....######.#.#...####.....
...'............@K5.55.5...'.....
...####....########.#...####.....
..## ##.### #####.##.## .... .##
#.# #....[...# ... ## #.#
#.###.##.# .. # #.# #.##.# ' #.#
#.##)### . #### #.#
#......#######. ...#####.#
####.#.........


You could see Pikel (fast) and 4 lemures.

Vanquished Creatures
  A black bear (D:4)
  A kobold brigand (Sewer)
  An iguana (D:4)
  A hound skeleton (D:4)
  5 adders
  4 river rats
  An adder skeleton (D:4)
  A worm (D:2)
  2 dart slugs
  An orc (D:3)
  9 ball pythons
  4 bats
  6 endoplasms
  3 giant cockroaches
  8 goblins
  10 hobgoblins
  3 jackals (D:4)
  6 quokkas
  3 frilled lizards (D:2)
  21 kobolds
  21 rats
112 creatures vanquished.

Vanquished Creatures (others)
  A fungus (D:2)
  2 plants (D:2)
3 creatures vanquished.

Grand Total: 115 creatures vanquished

Notes
Turn   | Place    | Note
-------+----------+-------------------------------------------
     0 | D:1      | Jerry the Ghoul Fighter began the quest for the Orb.
     0 | D:1      | Reached XP level 1. HP: 19/19 MP: 0/0
   255 | D:1      | Reached XP level 2. HP: 26/26 MP: 1/1
   660 | D:1      | Reached XP level 3. HP: 31/31 MP: 2/2
  1172 | D:2      | Noticed Sigmund
  1533 | D:2      | Reached XP level 4. HP: 40/40 MP: 3/3
  1573 | D:2      | Found a faded altar of an unknown god.
  2185 | D:3      | Found Xyteg's Armour Emporium.
  2636 | D:3      | Found a glowing drain.
  2657 | Sewer    | Entered a sewer
  2790 | Sewer    | Reached XP level 5. HP: 46/46 MP: 4/4
  2826 | Sewer    | Noticed a kobold brigand
  2849 | Sewer    | Killed a kobold brigand
  3199 | Sewer    | Reached XP level 6. HP: 48/53 MP: 5/5
  3959 | D:4      | Found a shimmering blue altar of Sif Muna.
  4004 | D:4      | Identified the +3 leather armour of Piuduazxig {rPois rC+
                  | Int+3 Slay+2}
  4220 | D:4      | Noticed a black bear
  4229 | D:4      | Killed a black bear
  4735 | D:4      | Noticed Pikel
  4761 | D:4      | HP: 2/55 [Pikel/+1 whip of freezing (6)]
  4769 | D:4      | Slain by Pikel

Illustrated notes

Levels and vault maps discovered:
D:1:      amcnicky_arrival_gap_in_the_tavern_cellar, layout_basic
D:2:      layout_loops_ring, dreamdust_ecumenical_altar_grove,
          minmay_curled_crystal, uniq_sigmund
D:3:      layout_rooms, serial_shops, nicolae_shop_waterfront,
          portal_sewer_entry_b
D:4:      layout_loops_corners, mainiacjoe_overflow_alcove_1, serial_shops,
          shop_fountains, uniq_pikel

Skill      XL: |  1  2  3  4  5  6 |
---------------+-------------------+-----
Armour         | 3 4 |  4.0
Shields        | 3 4 |  4.0
Unarmed Combat | 3 4 |  4.2
Fighting       | 4 |  4.9

Action                   |  1- 3 |  4- 6 || total
-------------------------+-------+-------++-------
Melee: Unarmed           |   103 |   277 ||   380
Throw: Dart              |       |     4 ||     4
  Use: Potion            |       |     2 ||     2
       Scroll            |       |    11 ||    11
Armor: Scale mail        |    39 |    85 ||   124
       Leather armour    |       |    10 ||    10
Dodge: Dodged            |    29 |   122 ||   151
Block: Buckler           |    21 |    55 ||    76
